 Dungeon Crawl Stone Soup version 0.19-a0-475-gfca3800 (webtiles) character file.

21 epen the Grasshopper (level 2, -2/15 HPs)
             Began as a Spriggan Warper on June 4, 2016.
             Slain by a goblin
             ... wielding a +0 dagger
              (4 damage)
             ... on level 1 of the Dungeon.
             The game lasted 00:02:38 (702 turns).

epen the Grasshopper (Spriggan Warper)               Turns: 702, Time: 00:02:38

Health: -2/15      AC:  2    Str:  7    XL:     2   Next: 65%
Magic:  3/6        EV: 19    Int: 14    God:
Gold:   12         SH:  0    Dex: 15    Spells: 2 memorised, 3 levels left

rFire  . . .     SeeInvis +     a - +0 short sword
rCold  . . .     Gourm    .     b - +0 robe
rNeg   . . .     Faith    .     (shield restricted)
rPois  .         Spirit   .     (helmet restricted)
rElec  .         Dismiss  .     (no cloak)
rCorr  .         Reflect  .     (gloves unavailable)
SustAt .         Harm     .     (boots unavailable)
MR     .....                    (no amulet)
Stlth  ++........               (no ring)
                                (no ring)

@: very quick, not resistant to hostile enchantments, unstealthy
A: unfitting armour, see invisible, herbivore 3, speed 3, slow metabolism 2
a: no special abilities


You were on level 1 of the Dungeon.
You were not hungry.

You visited 1 branch of the dungeon, and saw 1 of its levels.

You collected 12 gold pieces.

Inventory:

Hand Weapons
 a - a +0 short sword (weapon)
 g - a +0 dagger
Missiles
 e - 5 tomahawks of dispersal (quivered)
Armour
 b - a +0 robe (worn)
Scrolls
 d - a scroll of blinking
 h - 2 scrolls of enchant armour {unknown}
 j - a scroll of remove curse {unknown}
Potions
 i - a potion of flight {unknown}
Books
 c - a book of Spatial Translocations

   Spells                             Type                      Level
   a - Apportation                    Translocation                1
   b - Blink                          Translocation                2
   c - Shroud of Golubria             Charms/Translocation         2
   d - Portal Projectile              Translocation                3
   e - Teleport Other                 Translocation                3
   f - Passage of Golubria            Translocation                4
Comestibles
 f - a bread ration


   Skills:
 + Level 1.7 Fighting
 + Level 2.5 Short Blades
 - Level 1.0 Throwing
 + Level 4.0 Dodging
 + Level 0.9 Stealth
 + Level 2.7 Spellcasting
 * Level 4.8 Translocations


You had 3 spell levels left.
You knew the following spells:

 Your Spells              Type           Power        Failure   Level  Hunger
a - Apportation           Tloc           ###.......   2%          1    #......
b - Blink                 Tloc           N/A          4%          2    ###....


Dungeon Overview and Level Annotations

Branches:
Dungeon (1/15)

Altars:


Innate Abilities, Weirdness & Mutations

You are tiny and cannot use many weapons and most armour.
You have supernaturally acute eyesight. (SInv)
You are a herbivore.
You cover ground extremely quickly.
You need consume almost no food.


Message History

You blink.
Unknown command.
Why would you want to do that?
Casting: Blink
Confirm with . or Enter, or press ? or * to list all spells.
You blink.
Unknown command.
There is a fountain of clear blue water here.
There is a staircase leading out of the dungeon here.
There is an open door here.
You close the door.
The goblin misses you.
You hit the goblin.
The goblin is severely wounded.
The goblin hits you with a dagger.
* * * LOW HITPOINT WARNING * * *
You closely miss the goblin.
The goblin is severely wounded.
The goblin hits you with a dagger.
You die...

#......###≈≈≈###≈≈≈###.........
###......#......#.....#...##.....
.........#...[..≈..⌠..≈..........
.........#......≈..<..≈.###.....(
..#......#......#.....#..........
..#.%.......... ##≈≈≈#+...#......
...........######................
..####...........s.#......#......
.. ##.##......#@###......#......
. ##g.##......g.# ####.###......
#..###........# .# ...(.. #g##
#(.......# #.. ..>... #.#
#.....#..#####.... ...... ####.#
##...(.#..#............... #....#
#..##.....#...... ......
#....###.###.............%.......
#....#...# ###..................#


You could see a giant cockroach and a goblin.

Vanquished Creatures
  A dart slug (D:1)
  3 bats (D:1)
  A giant cockroach (D:1)
  6 goblins (D:1)
  4 jackals (D:1)
15 creatures vanquished.

Notes
Turn   | Place    | Note
--------------------------------------------------------------
     0 | D:1      | epen the Spriggan Warper began the quest for the Orb.
     0 | D:1      | Reached XP level 1. HP: 10/10 MP: 5/5
   220 | D:1      | Reached XP level 2. HP: 12/14 MP: 6/6
   553 | D:1      | Learned a level 2 spell: Blink
   702 | D:1      | Slain by a goblin

Vault maps used:
D:1:      dpeg_arrival_rooms_with_view

Skill      XL: |  1  2 |
---------------+-------+-----
Dodging        | 4 |  4.0
Fighting       | |  1.7
Short Blades   | |  2.5
Throwing       | |  1.0
Stealth        | |  0.9
Spellcasting   | |  2.7
Translocations | |  4.8

Action                   || total
-------------------------++-------
Melee: Short sword       ||   117
       Dagger            ||     1
 Cast: Blink             ||     2
       Apportation       ||     1
  Use: Scroll            ||     1
 Stab: Sleeping          ||     1
Armor: Robe              ||    20
Dodge: Dodged            ||   121
